 Dungeon Crawl Stone Soup version 0.22-a0-877-g5c4e1af (webtiles) character file.

101 exewon the Magician (level 5, -1/35 HPs)
             Began as a Human Wizard on July 29, 2018.
             Killed from afar by Sigmund (15 damage)
             ... with a puff of flame
             ... on level 2 of the Dungeon on July 30, 2018.
             The game lasted 00:16:17 (3022 turns).

exewon the Magician (Human Wizard)                  Turns: 3022, Time: 00:16:18

Health: -1/35      AC:  5    Str:  7    XL:     5   Next: 4%
Magic:  6/11       EV: 12    Int: 19    God:
Gold:   36         SH:  0    Dex: 12    Spells: 4/12 levels left

rFire    x . .     SeeInvis .   n - +0 spear
rCold    + . .     Gourm    .   (no shield)
rNeg     . . .     Faith    .   j - +1 leather armour
rPois    .         Spirit   .   b - +0 hat
rElec    .         Reflect  .   (no cloak)
rCorr    .         Harm     .   (no gloves)
MR       .....                  f - +0 pair of boots
Stlth    ++........             (no amulet)
HPRegen  0.11/turn              g - ring of ice
MPRegen  0.12/turn              (no ring)

@: lethally poisoned (-1 -> -7)
A: no striking features
a: no special abilities


You were on level 2 of the Dungeon.
You were not hungry.

You visited 1 branch of the dungeon, and saw 2 of its levels.

You collected 36 gold pieces.

Inventory:

Hand Weapons
 i - a +0 short sword
 n - a +0 spear (weapon)
Armour
 a - a +0 robe
 b - a +0 hat (worn)
 f - a +0 pair of boots (worn)
 j - a +1 leather armour (worn)
Jewellery
 g - a ring of ice (left hand)
 o - a cursed ring of attention
Scrolls
 c - 2 scrolls of remove curse
 e - a scroll of fog {unknown}
 h - 2 scrolls of enchant armour
 k - a scroll of teleportation
Potions
 l - a potion of agility {unknown}
Comestibles
 d - 3 rations


   Skills:
 + Level 0.3 Polearms
 + Level 1.3 Armour
 - Level 2.3 Dodging
 - Level 2.0 Stealth
 + Level 4.1 Spellcasting
 - Level 2.1 Conjurations
 + Level 0.1 Hexes
   Level 1.0 Summonings
 - Level 1.0 Translocations


You had 4 spell levels left.
You knew the following spells:

 Your Spells              Type           Power        Failure   Level  Hunger
a - Magic Dart            Conj           ##..         9%          1    None
b - Blink                 Tloc           N/A          21%         2    ##.....
c - Conjure Flame         Conj/Fire      #.......     36%         3    ###....
d - Slow                  Hex            #.......     28%         2    ##.....

Your spell library contained the following spells:

 Spells                   Type           Power        Failure   Level  Hunger
 Mephitic Cloud           Conj/Pois/Air  #.......     41%         3    ###....
 Call Imp                 Summ           #.......     21%         2    ##.....


Dungeon Overview and Level Annotations

Branches:
Dungeon (2/15)

Altars:
Cheibriados
Zin

Annotations:
D:2 Sigmund


Message History

Aim: Sigmund, wielding a scythe of venom and wearing a robe (moderately wounded)
The magic dart hits Sigmund.
Sigmund is moderately wounded.
Sigmund hits you from afar with a scythe of venom.
You are poisoned.
You feel sick.
Casting: Magic Dart (safe; 9% risk of failure)
Confirm with . or Enter, or press ? or * to list all spells.
Aiming: Magic Dart (safe; 9% risk of failure)
Press: ? - help, Shift-Dir - straight line, f/p - Sigmund
Aim: Sigmund, wielding a scythe of venom and wearing a robe (moderately wounded)
The magic dart hits Sigmund.
Sigmund is heavily wounded.
You feel sick.
Sigmund points at you and mumbles some strange words.
The puff of flame hits you! The fire burns you terribly!
You feel sick.
Sigmund points at you and mumbles some strange words.
The puff of flame hits you! The fire burns you terribly!
You die...

#...#.# #.# #.# #...#)# #.#
#.# #...#.#######.####...
#.# ####...#...........@b...
#.# ...)....<....###b#
#####.# ######.#.###.###@###
#.####...... #.............#
#..........#
#.......###.#.########.#####
##..##..# #@#.#......#.#####
#..##..###.#.#.####........
#.....รท.)..#.#.# #...####.
#.###).#####.#.# #...####.
#. #..........# #...#.... #.
##.####...#####...#.##. #.
#..........(..)..).##.
#.#########...######.......
#............## ########


You could see Sigmund and a bat.

Vanquished Creatures
  Jessica (D:2)
  An iguana (D:2)
  An adder (D:2)
  2 giant cockroaches
  5 goblins
  3 hobgoblins
  12 kobolds
  A quokka (D:2)
  5 bats
  3 frilled lizards
  7 rats
41 creatures vanquished.

Notes
Turn   | Place    | Note
-------+----------+-------------------------------------------
     0 | D:1      | exewon the Human Wizard began the quest for the Orb.
     0 | D:1      | Reached XP level 1. HP: 13/13 MP: 4/4
   446 | D:1      | Reached XP level 2. HP: 18/19 MP: 0/6
   454 | D:1      | Learned a level 2 spell: Blink
  1350 | D:1      | Reached XP level 3. HP: 24/24 MP: 3/7
  1503 | D:1      | Learned a level 3 spell: Conjure Flame
  1506 | D:1      | Learned a level 2 spell: Slow
  1901 | D:2      | Noticed Jessica
  1917 | D:2      | Killed Jessica
  1917 | D:2      | Reached XP level 4. HP: 12/30 MP: 0/9
  2162 | D:2      | Noticed an angel
  2163 | D:2      | Found a glowing silver altar of Zin.
  2179 | D:2      | Found a snail-covered altar of Cheibriados.
  2377 | D:2      | Reached skill level 1 in Armour
  2377 | D:2      | Reached skill level 4 in Spellcasting
  2800 | D:2      | Reached XP level 5. HP: 30/35 MP: 4/11
  3012 | D:2      | Noticed Sigmund
  3022 | D:2      | Killed from afar by Sigmund

Vault maps used:
D:1:      dpeg_arrival_lava_temple_mockup
D:2:      lemuel_crystal_altar, zin_angel, first_ration, due_unseen_surprise,
          uniq_jessica, uniq_sigmund

Skill      XL: |  1  2  3  4 |
---------------+-------------+-----
Conjurations   | 2 |  2.1
Armour         | 1 |  1.3
Spellcasting   | 4 |  4.1
Polearms       | |  0.3
Dodging        | |  2.3
Stealth        | |  2.0
Hexes          | |  0.1
Summonings     | |  1.0
Translocations | |  1.0

Action                   |  1- 3 |  4- 6 || total
-------------------------+-------+-------++-------
Melee: Short sword       |    26 |     9 ||    35
       Spear             |       |    31 ||    31
 Cast: Magic Dart        |    47 |    36 ||    83
       Blink             |     2 |     3 ||     5
  Use: Scroll            |       |     5 ||     5
       Potion            |       |     1 ||     1
 Stab: Sleeping          |       |     2 ||     2
  Eat: Chunk             |     2 |       ||     2
       Ration            |     1 |     1 ||     2
Armor: Robe              |     2 |       ||     2
       Leather armour    |     3 |     9 ||    12
Dodge: Dodged            |    25 |    31 ||    56

Table legend:
 A = Spawn XP
 B = Non-spawn XP
 C = Spawn XP percentage of total XP
 D = Spawn monster count
 E = Non-spawn monster count
 F = Spawn count percentage of total count
 G = Total turns spent on level
                    A         B        C        D         E        F      G
               +---------+---------+-------+---------+---------+-------+---------
         Total |       0 |     145 |   0.0 |       0 |      41 |   0.0 |  3022
               +---------+---------+-------+---------+---------+-------+---------
           D:1 |       0 |      33 |   0.0 |       0 |      22 |   0.0 |  1901
           D:2 |       0 |     112 |   0.0 |       0 |      19 |   0.0 |  1121
               +---------+---------+-------+---------+---------+-------+---------
